 Dungeon Crawl Stone Soup version 0.30-a0-879-ga8ba668304 (webtiles) character file.

Game seed: 13276036183743913010

266 Newt the Shooter (level 6, -3/40 HPs)
             Began as a Kobold Hunter on Mar 13, 2023.
             Killed from afar by Blork the orc (10 damage)
             ... with a puff of flame
             ... on level 4 of the Dungeon.
             The game lasted 00:02:12 (3364 turns).

Newt the Shooter (Kobold Hunter)                    Turns: 3364, Time: 00:02:13

Health: -3/40      AC:  3    Str:  9    XL:     6   Next: 44%
Magic:  6/6        EV: 14    Int: 10    God:
Gold:   73         SH:  0    Dex: 20    Spells: 5/5 levels left

rFire   . . .      SeeInvis .    a - +0 shortbow
rCold   . . .      Faith    .    (shield currently unavailable)
rNeg    . . .      Spirit   .    c - +0 leather armour
rPois   .          Reflect  .    (no helmet)
rElec   .          Rampage  .    j - scarf {repulsion}
rCorr   .                        (no gloves)
Will    .....                    (no boots)
Stlth   +++                      (no amulet)
HPRegen 0.26/turn                (no ring)
MPRegen 0.10/turn                (no ring)

@: slowed, repel missiles, very slow
A: small, no large weapons, nightstalker 3
a: no special abilities


You were on level 4 of the Dungeon.
You visited 1 branch of the dungeon, and saw 4 of its levels.

You collected 128 gold pieces.
You spent 55 gold pieces at shops.

Inventory:

Hand Weapons
 a - a +0 shortbow (weapon)
Armour
 c - a +0 leather armour (worn)
 j - a scarf of repulsion (worn)
Jewellery
 i - a ring of flight
 n - the amulet "Mecvali" {Regen+ rCorr}
   (You took it off a goblin on level 4 of the Dungeon)

   [amulet of regeneration]

   Regen:     It increases your rate of health regeneration.
   rCorr:     It protects you from acid and corrosion.
Wands
 m - a wand of mindburst (8)
Scrolls
 b - a scroll of immolation
 k - 2 scrolls of noise
 o - a scroll of teleportation
Potions
 d - a potion of attraction
 e - a potion of lignification
 f - 2 potions of might {unknown}
 g - 2 potions of haste {unknown}
 h - 2 potions of brilliance {unknown}
 l - a potion of curing
 p - a potion of heal wounds


   Skills:
 - Level 5.0 Fighting
 + Level 7.9 Ranged Weapons
 - Level 2.4 Dodging
 - Level 1.3 Stealth


You had 5 spell levels left.
You didn't know any spells.
Your spell library contained the following spells:

 Spells                   Type           Power      Damage    Failure   Level
 Lesser Beckoning         Tloc           0%         N/A       63%         2
 Gell's Gravitas          Tloc           0%         N/A       85%         3
 Teleport Other           Tloc           0%         N/A       85%         3
 Cause Fear               Hex            0%         N/A       99%         4
 Dispersal                Tloc           0%         N/A       100%        6
 Dragon Form              Tmut           0%         N/A       100%        7
 Dragon's Call            Summ           0%         N/A       100%        9


Dungeon Overview and Level Annotations

Branches:
Dungeon (4/15)
 Temple: D:4-7

Altars:

Shops:
D:4 !

Annotations:
D:4 Blork the orc


Innate Abilities, Weirdness & Mutations

You are small and have problems with some larger weapons.
You are completely attuned to the shadows.


Message History

Natasha is nearby!
You shoot an arrow.
Natasha hisses angrily.
The arrow hits Natasha!
Natasha is heavily wounded.
You hear a shout!
Natasha drinks a potion.
Natasha is healed!
You shoot an arrow. The arrow hits Natasha.
Natasha is moderately wounded.
Natasha stares at you and mumbles some strange words.
You feel yourself slow down.
Blork the orc comes into view.
He is wielding a +0 war axe and carrying a wand of flame (3).
You shoot an arrow. The arrow misses Natasha.
Blork the orc zaps a wand.
The puff of flame misses you.
You shoot an arrow. The arrow hits Natasha.
Natasha is heavily wounded.
Blork the orc casts a spell at you. The puff of frost misses you.
Natasha casts a spell.
Blork the orc frowns.
You shoot an arrow. The arrow barely misses Natasha.
Natasha barely misses you.
Blork the orc begins to cast a cantrip, but forgets the words!
Natasha claws you but does no damage.
You shoot an arrow. The arrow barely misses Natasha.
The arrow hits the crimson imp but does no damage.
Natasha misses you. The crimson imp misses you. Natasha claws you!
You shoot an arrow. The arrow hits Natasha!
You kill Natasha!
You feel Natasha's spirit has finally been put to rest.
The crimson imp disappears in a puff of smoke!
Blork the orc gestures wildly while chanting.
Blork the orc seems to speed up.
Blork the orc hits you with a +0 war axe!
You shoot an arrow. The arrow closely misses Blork the orc.
Blork the orc frowns.
Blork the orc zaps a wand.
The puff of flame misses you.
Blork the orc hits you with a +0 war axe!
* * * LOW HITPOINT WARNING * * *
Blork the orc zaps a wand.
The puff of flame hits you!
You die...

### ##...# ##.##
#..... #...# ####...
##...## ##......
#.....####.......
.####....###.........
..........###........
..........#..........
...o@...............#
...ยง.............>...
.....................
...............#.....
..#............##..#.
#..#. ...... ......
.....


You could see Blork the orc (fast).

Vanquished Creatures
  Jessica (D:2)
  Natasha (thrice) (D:4)
  11 adders
  A worm (D:3)
  3 dart slugs
  An orc (D:3)
  5 endoplasms
  3 giant cockroaches
  3 goblins
  3 hobgoblins (D:2)
  3 jackals (D:3)
  2 quokkas (D:1)
  4 ball pythons
  3 bats
  2 frilled lizards (D:1)
  11 kobolds
  4 rats
63 creatures vanquished.

Vanquished Creatures (others)
  4 plants (D:2)
4 creatures vanquished.

Grand Total: 67 creatures vanquished

Notes
Turn   | Place    | Note
-------+----------+-------------------------------------------
     0 | D:1      | Newt the Kobold Hunter began the quest for the Orb.
     0 | D:1      | Reached XP level 1. HP: 12/12 MP: 1/1
   192 | D:1      | Reached XP level 2. HP: 18/18 MP: 2/2
   457 | D:1      | Reached XP level 3. HP: 23/23 MP: 3/3
  1328 | D:2      | Noticed Jessica
  1329 | D:2      | Killed Jessica
  1330 | D:2      | Reached XP level 4. HP: 30/30 MP: 4/4
  1524 | D:2      | Found a faded altar of an unknown god.
  1526 | D:2      | Reached skill level 5 in Fighting
  2295 | D:3      | Reached XP level 5. HP: 35/35 MP: 5/5
  2427 | D:3      | Reached skill level 6 in Ranged Weapons
  3020 | D:4      | Reached skill level 7 in Ranged Weapons
  3074 | D:4      | Noticed Natasha
  3088 | D:4      | Killed Natasha
  3089 | D:4      | Reached XP level 6. HP: 20/40 MP: 6/6
  3216 | D:4      | Identified the amulet "Mecvali" {Regen+ rCorr}
  3279 | D:4      | Found Yfapy's Distillery.
  3285 | D:4      | Bought a potion of heal wounds for 55 gold pieces
  3295 | D:4      | Noticed Natasha
  3302 | D:4      | Killed Natasha
  3356 | D:4      | Noticed Natasha
  3358 | D:4      | Noticed Blork the orc
  3363 | D:4      | Killed Natasha
  3364 | D:4      | Killed from afar by Blork the orc

Illustrated notes

Levels and vault maps discovered:
D:1:      evilmike_arrival_crescent, layout_rooms
D:2:      layout_basic, chequers_ecumenical_altar_lobes, uniq_jessica
D:3:      layout_loops_ring, minmay_misc_feat_alley, minmay_misc_feat_x
D:4:      minmay_bubble_buster, layout_cave_pools, serial_shops,
          kennysheep_little_box, uniq_blork_the_orc, uniq_natasha

Skill      XL: |  1  2  3  4  5 |
---------------+----------------+-----
Fighting       | 3 4 5 |  5.0
Ranged Weapons | 7 |  7.9
Dodging        | |  2.4
Stealth        | |  1.3

Action                     |  1- 3 |  4- 6 || total
---------------------------+-------+-------++-------
   Fire: Shortbow          |    61 |   117 ||   178
    Use: Scroll            |     2 |     4 ||     6
 Armour: Leather armour    |     6 |    10 ||    16
  Dodge: Dodged            |    21 |    48 ||    69
         Repelled          |       |     1 ||     1

Table legend: (Time is in decaauts)
 A = Elapsed time spent in this place.
 B = Non-inter-level travel time spent in this place.
 C = Inter-level travel time spent in this place.
 D = Time resting spent in this place.
 E = Time spent auto-exploring this place.
 F = Levels seen in this place.
 G = Mean time per level.
                   A        B        C        D        E       F      G
               +--------+--------+--------+--------+--------+-----+--------+
         Total |   3423 |   3160 |    263 |    464 |   2343 |   4 |  855.8 |
       Dungeon |   3423 |   3160 |    263 |    464 |   2343 |   4 |  855.8 |
               +--------+--------+--------+--------+--------+-----+--------+

Top non-repeatable levels by time:
     D:2: 1543 daAuts
     D:3: 786 daAuts
     D:1: 721 daAuts
     D:4: 372 daAuts
